 Dungeon Crawl Stone Soup version 0.27-a0-797-g27d10ad80f (webtiles) character file.

Game seed: 7757091309580741106

8795 porpoise the Destroyer (level 11, -2/67 HPs)
             Began as a Deep Elf Conjurer on Mar 28, 2021.
             Was a Priest of Vehumet.
             Slain by a catoblepas (16 damage)
             ... while petrified by a catoblepas
             ... on level 10 of the Dungeon.
             The game lasted 00:44:06 (11267 turns).

porpoise the Destroyer (Deep Elf Conjurer)         Turns: 11267, Time: 00:44:06

Health: -2/67      AC: 12    Str:  5    XL:     11   Next: 14%
Magic:  11/23      EV:  2    Int: 26    God:    Vehumet [***...]
Gold:   397        SH:  0    Dex: 13    Spells: 13/24 levels left

rFire    + . .     SeeInvis .   b - +2 hunting sling (vorpal)
rCold    . . .     Faith    .   (no shield)
rNeg     + + +     Spirit   .   j - +1 robe
rPois    ∞         Reflect  .   P - +1 hat
rElec    .         Harm     .   (no cloak)
rCorr    .         Rampage  .   H - +2 pair of gloves
Will     +....                  z - +0 pair of boots
Stlth    ++........             x - amulet of magic regeneration
HPRegen  0.21/turn              g - ring of protection from fire
MPRegen  0.43/turn              n - +4 ring of protection

@: petrified
A: no striking features
a: Renounce Religion


You were on level 10 of the Dungeon.
You worshipped Vehumet.
Vehumet was most pleased with you.
You visited 2 branches of the dungeon, and saw 11 of its levels.

You collected 558 gold pieces.
You spent 161 gold pieces at shops.

Inventory:

Hand Weapons
 a - a +2 whip of draining
 b - a +2 vorpal hunting sling (weapon)
 w - a +2 whip of holy wrath
 J - a +2 whip of electrocution
Missiles
 h - 353 stones
 i - 49 poisoned darts
 t - 24 sling bullets (quivered ammo)
 D - 8 boomerangs
Armour
 j - a +1 robe (worn)
 y - the +2 robe of Protective Custody {-Cast Rampage *Slow rC+++}
   (You bought it in a shop on level 6 of the Dungeon)

   It renders you almost immune to cold.
   It prevents spellcasting.
   It may slow you when you take damage.
   It bestows one free step when moving towards enemies.
 z - a +0 pair of boots (worn)
 H - a +2 pair of gloves (worn)
 P - a +1 hat (worn)
Jewellery
 g - a ring of protection from fire (left hand)
 n - a +4 ring of protection (right hand)
 s - a +4 ring of evasion
 v - an amulet of guardian spirit
 x - an amulet of magic regeneration (around neck)
Wands
 r - a wand of random effects (17)
 K - a wand of polymorph (7)
 L - a wand of charming (10)
 N - a wand of digging (4)
Scrolls
 c - 2 scrolls of noise
 f - a scroll of enchant armour
 m - a scroll of vulnerability {unknown}
 q - 3 scrolls of teleportation
 A - a scroll of fog {unknown}
 C - a scroll of amnesia {unknown}
 E - a scroll of fear {unknown}
 I - a scroll of brand weapon {unknown}
Potions
 d - a potion of cancellation
 e - 2 potions of brilliance
 k - 8 potions of curing
 l - a potion of berserk rage
 o - 2 potions of flight
 p - 4 potions of heal wounds
 u - 2 potions of lignification
 B - a potion of haste
 F - a potion of attraction
 G - a potion of resistance
 M - a potion of mutation {unknown}
 O - a potion of might {unknown}


   Skills:
 - Level 7.0 Fighting
 - Level 9.0 Dodging
 - Level 2.4 Stealth
 - Level 7.0 Spellcasting
 + Level 9.9 Conjurations
 - Level 7.0 Hexes
 - Level 7.0 Translocations
 - Level 5.0 Evocations


You had 13 spell levels left.
You knew the following spells:

 Your Spells              Type           Power      Damage    Failure   Level
a - Magic Dart            Conj           100%       1d8       1%          1
b - Searing Ray           Conj           100%       3d7       1%          2
c - Fulminant Prism       Conj/Hex       26%        3d14      1%          4
d - Iskenderun's Mystic   Conj/Tloc      52%        2d11      1%          4

Your spell library contained the following spells:

 Spells                   Type           Power      Damage    Failure   Level
 Stone Arrow              Conj/Erth      68%        3d11      1%          3
 Apportation              Tloc           90%        N/A       1%          1
 Corona                   Hex            50%        N/A       1%          1
 Dazzling Flash           Conj/Hex       100%       N/A       1%          3
 Animate Skeleton         Necr           18%        N/A       6%          1
 Summon Small Mammal      Summ           36%        N/A       6%          1


Dungeon Overview and Level Annotations

Branches:
Dungeon (10/15)            Temple (1/1) D:4
   Lair: D:8-11         Orc: D:9-12

Altars:
Ashenzari
Cheibriados
Dithmenos
Elyvilon
Fedhas
Gozag
Hepliaklqana
Kikubaaqudgha
Makhleb
Nemelex Xobeh
Okawaru
Qazlal
Ru
Sif Muna
Trog
Uskayaw
Vehumet
Wu Jian
Xom
Yredelemnul
Zin
The Shining One

Shops:
D:1 (   D:6 [

Annotations:
D:9 exclusion: downstairs


Message History

The catoblepas is severely wounded.
Casting: Fulminant Prism (dangerous; 1% risk of failure)
Confirm with . or Enter, or press ? or * to list all spells.
Aiming: Searing Ray (safe; 1% risk of failure)
Press: ? - help, Shift-Dir - straight line, f - catoblepas
Aim: a catoblepas (severely wounded, 0% to evade)
The searing ray hits the catoblepas.
The catoblepas is severely wounded. (Press . to maintain the ray.)
The catoblepas completely misses you.
The searing ray hits the catoblepas!
The catoblepas is severely wounded.
The catoblepas breathes a plume of calcifying dust at you.
The blast of calcifying dust hits you.
The catoblepas breathes a plume of calcifying dust at you.
The blast of calcifying dust hits you!
Casting: Searing Ray (safe; 1% risk of failure)
Confirm with . or Enter, or press ? or * to list all spells.
You erupt in a blast of force!
The mystic blast hits the catoblepas but does no damage.
The catoblepas is severely wounded.
You are engulfed in calcifying dust.
You are slowing down.
The catoblepas breathes a plume of calcifying dust at you.
The blast of calcifying dust hits you but does no damage.
The catoblepas breathes a plume of calcifying dust at you.
The blast of calcifying dust hits you.
Your limbs are stiffening.
Casting: Iskenderun's Mystic Blast (dangerous; 1% risk of failure)
Confirm with . or Enter, or press ? or * to list all spells.
You erupt in a blast of force!
The mystic blast hits the catoblepas!
The catoblepas is almost dead.
The catoblepas is knocked back by the mystic blast.
You are engulfed in calcifying dust.
You have turned to stone.
You are engulfed in calcifying dust. x2
The catoblepas gores you!!
You are engulfed in calcifying dust.
The catoblepas gores you! The catoblepas gores you!!
* * * LOW HITPOINT WARNING * * *
The catoblepas gores you!!
You die...

#......# ## #.)..§§....
#......# ..........#.§§§..
#......# ..........#...z§.
#......###'######+##...§.§
#####.)....(..... ......#.
#..#....>..............#.
#..#...................#
#..#.<....>............#
#..'...Y@..............#
#..#............
#..#.....>.#####
#..#.......# #..#.......#
#..#.......# #..#.......#
#..#.......#


You could see a catoblepas.

Vanquished Creatures
  Gastronok (D:9)
  A two-headed ogre (D:10)
  Pikel (D:4)
  A gargoyle (D:10)
  Psyche (D:9)
  A troll (D:10)
  A hornet (D:7)
  Prince Ribbit (D:6)
  Sigmund (D:4)
  A wyvern (D:10)
  A steam dragon (D:5)
  Grum (D:8)
  6 water moccasins
  2 orc warriors
  A sky beast (D:5)
  An ice beast (D:7)
  A hornet zombie (D:8)
  2 ogres
  2 wolves (D:8)
  4 centaurs
  2 phantoms
  2 kobold brigands
  4 lemures
  5 bullfrogs
  A water moccasin zombie (D:7)
  A wyvern skeleton (D:6)
  3 scorpions
  10 killer bees (D:8)
  2 howler monkeys
  2 centaur zombies
  A bullfrog zombie (D:5)
  3 hounds
  5 jellies
  A gnoll shaman (D:5)
  3 orc priests (D:6)
  3 iguanas
  Natasha (thrice) (D:3)
  11 orc wizards
  A hound zombie (D:5)
  A mummy (D:5)
  A howler monkey zombie (D:7)
  Robin (D:4)
  A howler monkey skeleton (D:7)
  12 gnolls
  4 adders
  A shadow imp (D:8)
  2 white imps
  3 worms
  3 dart slugs
  24 orcs
  7 bats
  13 endoplasms
  2 giant cockroaches
  12 goblins
  11 hobgoblins
  11 jackals
  2 quokkas
  6 ball pythons
  A frilled lizard (D:2)
  11 kobolds
  A kobold zombie (D:5)
  An orc zombie (D:5)
  3 rats
228 creatures vanquished.

Vanquished Creatures (others)
  33 fulminant prisms
33 creatures vanquished.

Grand Total: 261 creatures vanquished

Notes
Turn   | Place    | Note
-------+----------+-------------------------------------------
     0 | D:1      | porpoise the Deep Elf Conjurer began the quest for the Orb.
     0 | D:1      | Reached XP level 1. HP: 10/10 MP: 6/6
   153 | D:1      | Found Xaimuges's Weapon Emporium.
   160 | D:1      | Bought a +0 hunting sling for 19 gold pieces
   243 | D:1      | Reached XP level 2. HP: 12/15 MP: 1/8
   528 | D:1      | Learned a level 2 spell: Searing Ray
   712 | D:1      | Found a glowing golden altar of the Shining One.
   827 | D:1      | You fall into a shaft and drop 1 floor!
  1101 | D:2      | Reached skill level 5 in Conjurations
  1101 | D:2      | Reached XP level 3. HP: 10/19 MP: 6/10
  1375 | D:2      | Found a broken altar of Ashenzari.
  1956 | D:3      | Found an iron altar of Okawaru.
  2126 | D:3      | Found a broken altar of Ashenzari.
  2290 | D:3      | Reached XP level 4. HP: 24/24 MP: 8/12
  2369 | D:3      | Reached skill level 5 in Spellcasting
  2374 | D:3      | Learned a level 4 spell: Fulminant Prism
  2379 | D:3      | Learned a level 4 spell: Iskenderun's Mystic Blast
  2562 | D:3      | Noticed Natasha
  2569 | D:3      | Killed Natasha
  2572 | D:3      | Reached XP level 5. HP: 11/28 MP: 2/14
  2588 | D:3      | Noticed Natasha
  2970 | D:3      | Killed Natasha
  2971 | D:3      | Reached skill level 1 in Fighting
  3146 | D:3      | Found a shimmering altar of Xom.
  3380 | D:3      | Noticed Natasha
  3393 | D:3      | Killed Natasha
  3515 | D:4      | Reached XP level 6. HP: 35/35 MP: 8/15
  3841 | D:4      | Noticed Robin
  3843 | D:4      | Killed Robin
  3844 | D:4      | Noticed Pikel
  3856 | D:4      | Killed Pikel
  3857 | D:4      | Reached XP level 7. HP: 23/44 MP: 1/16
  4017 | D:4      | Reached skill level 5 in Fighting
  4017 | D:4      | Reached skill level 1 in Hexes
  4224 | D:4      | Found a staircase to the Ecumenical Temple.
  4260 | Temple   | Entered the Ecumenical Temple
  4447 | Temple   | Became a worshipper of Vehumet
  4641 | D:4      | Noticed Sigmund
  4651 | D:4      | Killed Sigmund
  4934 | D:5      | Entered Level 5 of the Dungeon
  4970 | D:5      | Reached XP level 8. HP: 49/49 MP: 8/17
  5114 | D:5      | You fall into a shaft and drop 2 floors!
  5124 | D:7      | Reached skill level 5 in Dodging
  5124 | D:7      | Reached skill level 5 in Hexes
  5215 | D:7      | Reached skill level 1 in Translocations
  5794 | D:6      | Reached * piety under Vehumet
  5794 | D:6      | Offered knowledge of Freeze by Vehumet.
  5851 | D:6      | Found a shadowy altar of Dithmenos.
  5874 | D:6      | Noticed Prince Ribbit
  5880 | D:6      | Killed Prince Ribbit
  5881 | D:6      | Reached XP level 9. HP: 41/54 MP: 14/21
  5961 | D:6      | Found Qyaxtak's Antique Armour Boutique.
  5965 | D:6      | Bought a silken robe for 142 gold pieces
  5965 | D:6      | Identified the +2 robe of Protective Custody {-Cast Rampage
                  | *Slow rC+++} (You bought it in a shop on level 6 of the
                  | Dungeon)
  6028 | D:6      | Reached skill level 5 in Translocations
  6377 | D:5      | Found a snail-covered altar of Cheibriados.
  6565 | D:5      | Offered knowledge of Shock by Vehumet.
  6571 | D:5      | Reached ** piety under Vehumet
  6747 | D:5      | Reached skill level 1 in Evocations
  8221 | D:8      | Noticed Grum
  8226 | D:8      | Reached XP level 10. HP: 54/59 MP: 18/22
  8231 | D:8      | Killed Grum
  8605 | D:8      | Offered knowledge of Stone Arrow by Vehumet.
  8617 | D:8      | Reached skill level 5 in Evocations
  9225 | D:8      | Reached *** piety under Vehumet
  9988 | D:9      | Found a stormy altar of Qazlal.
 10089 | D:9      | Noticed Gastronok
 10104 | D:9      | Noticed Psyche
 10111 | D:9      | Killed Psyche
 10114 | D:9      | Killed Gastronok
 10587 | D:10     | Entered Level 10 of the Dungeon
 10612 | D:10     | Noticed a gargoyle
 10620 | D:10     | Killed a gargoyle
 10621 | D:10     | Reached XP level 11. HP: 30/67 MP: 9/23
 10625 | D:10     | Noticed a catoblepas
 10628 | D:10     | Noticed a skeletal warrior
 10909 | D:10     | Noticed a two-headed ogre
 10915 | D:10     | Killed a two-headed ogre
 11267 | D:10     | Slain by a catoblepas

Illustrated notes

Levels and vault maps discovered:
D:1:      minmay_arrival_open_corners, layout_loops_ring, serial_shops, shop,
          tso_metal_star
D:2:      layout_loops_ring, nicolae_overflow_hidden_temple,
          minmay_statues_item, minmay_misc_feat_doors
D:3:      layout_loops_ring, lemuel_round_altar, old_standard_altar,
          nicolae_ashenzari_panopticon, uniq_natasha
D:4:      layout_rooms, minmay_temple_entry_antechambers, uniq_sigmund,
          uniq_robin, uniq_pikel
D:5:      layout_basic, nicolae_ossuary_entry_giza, basic_altar
D:6:      layout_gridville, serial_shops, nicolae_shop_crystal,
          grunt_dithmenos_smoke, uniq_prince_ribbit1
D:7:      layout_rooms
D:8:      layout_loops_ring, hangedman_little_slice_of_home, uniq_grum
D:9:      layout_grid_maze, nicolae_qazlal_general_emergency, uniq_psyche,
          uniq_gastronok
D:10:     minmay_the_grid_four_pointed_star_mashed
          [minmay_the_grid_triangle_9x9_sparse_checkered,
          minmay_the_grid_triangle_9x9_windchime,
          minmay_the_grid_triangle_9x9_longest,
          minmay_the_grid_triangle_9x9_swiss_cheese,
          minmay_the_grid_prize_inner_circle], layout_gridville, special_room
          [special_room_bee], minivault_4, hangedman_fish_farm
Temple:   dpeg_five_rooms_temple

Skill      XL: |  1  2  3  4  5  6  7  8  9 10 |
---------------+-------------------------------+-----
Spellcasting   | 4 5 7 |  7.0
Conjurations   | 5 6 7 9 |  9.9
Fighting       | 2 4 5 7 |  7.0
Hexes          | 4 6 7 |  7.0
Dodging        | 4 5 7 9 |  9.0
Translocations | 4 5 7 |  7.0
Evocations     | 3 5 |  5.0
Stealth        | |  2.4

Action                   |  1- 3 |  4- 6 |  7- 9 | 10-12 || total
-------------------------+-------+-------+-------+-------++-------
Melee: Spear             |     1 |       |       |       ||     1
       Whip              |       |     4 |     1 |       ||     5
 Fire: Hunting sling     |    13 |    29 |    64 |    29 ||   135
Throw: Dart              |       |       |     2 |     4 ||     6
 Cast: Magic Dart        |    33 |     6 |       |     1 ||    40
       Searing Ray       |    15 |    30 |    70 |    29 ||   144
       Iskenderun's Myst |       |     1 |       |     3 ||     4
       Fulminant Prism   |       |       |    10 |    23 ||    33
  Use: Scroll            |       |     4 |     9 |     3 ||    16
Armor: Robe              |     2 |     6 |    11 |    11 ||    30
Dodge: Dodged            |     6 |     6 |    13 |    24 ||    49

Table legend: (Time is in decaauts)
 A = Elapsed time spent in this place.
 B = Non-inter-level travel time spent in this place.
 C = Inter-level travel time spent in this place.
 D = Time resting spent in this place.
 E = Time spent auto-exploring this place.
 F = Levels seen in this place.
 G = Mean time per level.
                   A        B        C        D        E       F      G
               +--------+--------+--------+--------+--------+-----+--------+
         Total |  11301 |  10837 |    464 |   4177 |   5191 |  11 | 1027.4 |
       Dungeon |  11032 |  10617 |    415 |   4177 |   4978 |  10 | 1103.2 |
        Temple |    268 |    219 |     49 |      0 |    213 |   1 |  268.0 |
               +--------+--------+--------+--------+--------+-----+--------+

Top non-repeatable levels by time:
     D:3: 1827 daAuts
     D:9: 1509 daAuts
     D:8: 1486 daAuts
     D:6: 1144 daAuts
     D:5: 1143 daAuts
     D:2: 1031 daAuts
     D:7: 928 daAuts
     D:1: 916 daAuts
     D:4: 913 daAuts
  Temple: 268 daAuts
    D:10: 129 daAuts
